 Dungeon Crawl Stone Soup version 0.21-a0-1-gaf3b9a5 (webtiles) character file.

21 doot the Changer (level 2, 0/21 HPs)
             Began as a Merfolk Transmuter on May 20, 2017.
             Shot with a stone by a goblin (3 damage)
             ... on level 2 of the Dungeon.
             The game lasted 00:04:15 (1714 turns).

doot the Changer (Merfolk Transmuter)               Turns: 1714, Time: 00:04:16

Health: 0/21       AC:  2    Str: 10    XL:     2   Next: 83%
Magic:  5/5        EV: 13    Int: 12    God:
Gold:   58         SH:  0    Dex: 14    Spells: 4/5 levels left

rFire    . . .     SeeInvis .     - Unarmed
rCold    . . .     Gourm    .   (no shield)
rNeg     . . .     Faith    .   b - +0 robe
rPois    .         Spirit   .   (no helmet)
rElec    .         Reflect  .   (no cloak)
rCorr    .         Harm     .   (no gloves)
MR       +....                  (no boots)
Stlth    +.........             (no amulet)
Regen    0.1/turn               j - ring of protection from magic
MPRegen  0.1/turn               (no ring)

@: lethally poisoned (0 -> -10), appendage
A: change form in water, swift swim, stealthy swim, horns 2
a: End Transformation


You were on level 2 of the Dungeon.
You were not hungry.
You had grown temporary horns.
You visited 1 branch of the dungeon, and saw 2 of its levels.

You collected 58 gold pieces.

Inventory:

Missiles
 a - 12 arrows
Armour
 b - a +0 robe (worn)
 f - a +0 helmet
Jewellery
 j - a ring of protection from magic (left hand)
Scrolls
 g - a scroll of identify {unknown}
Potions
 e - a potion of haste {unknown}
 h - 2 potions of magic {unknown}
 i - 2 potions of brilliance {unknown}
Books
 c - a book of Changes

   Spells                             Type                      Level
   a - Beastly Appendage              Transmutation                1
   b - Sticks to Snakes               Transmutation                2
   c - Spider Form                    Transmutation/Poison         3
   d - Ice Form                       Ice/Transmutation            4
   e - Blade Hands                    Transmutation                5
Comestibles
 d - a bread ration


   Skills:
 - Level 1.1 Fighting
 - Level 2.6 Dodging
 - Level 3.2 Unarmed Combat
 - Level 2.0 Spellcasting
 + Level 4.3 Transmutations


You had 4 spell levels left.
You knew the following spells:

 Your Spells              Type           Power        Failure   Level  Hunger
a - Beastly Appendage     Tmut           ##....       4%          1    ##.....


Dungeon Overview and Level Annotations

Branches:
Dungeon (2/15)

Altars:


Innate Abilities, Weirdness & Mutations

You revert to your normal form in water.
You are very nimble and swift while swimming.
You are very stealthy in the water. (Stealth+)
You have a pair of horns on your head.


Message History

You see here a stone.
The kobold throws a stone.
The stone hits you.
You see here a stone.
The goblin shoots a stone.
The stone hits you.
The kobold hits you with a short sword of venom.
* * * LOW HITPOINT WARNING * * *
You are lethally poisoned!
The frilled lizard hisses angrily.
Found 3 fruits.
You see here a stone.
Unknown command.
You feel better.
The kobold hits you with a short sword of venom.
You are lethally poisoned!
You feel sick.
The goblin shoots a stone.
The stone hits you.
* * * LOW HITPOINT WARNING * * *
You see here 2 stones.
* * * LOW HITPOINT WARNING * * *
You feel sick.
The goblin shoots a stone.
The stone hits you.
You die...

......### ##..#....#
#.. ####........#..
....................
.....###.##.<.......
.......#.#..(....[..
#..........(........
..........(.........
.........@..........
........(.........(.
......l(K##....#...#
......g..###...#####
#.....$.## ####
%........ .........
.........#
.........#


You could see a goblin, a kobold and a frilled lizard.

Vanquished Creatures
  A leopard gecko (D:1)
  3 goblins (D:1)
  3 hobgoblins (D:1)
  3 jackals (D:1)
  2 frilled lizards (D:1)
  3 kobolds (D:1)
  3 rats
18 creatures vanquished.

Notes
Turn   | Place    | Note
-------+----------+-------------------------------------------
     0 | D:1      | doot the Merfolk Transmuter began the quest for the Orb.
     0 | D:1      | Reached XP level 1. HP: 15/15 MP: 3/3
   131 | D:1      | Reached skill level 3 in Transmutations
   371 | D:1      | Reached XP level 2. HP: 4/21 MP: 3/5
  1450 | D:1      | Reached skill level 4 in Transmutations
  1714 | D:2      | Shot with a stone by a goblin

Vault maps used:
D:1:      dpeg_arrival_pond, minmay_misc_feat_rugged
D:2:      uniq_robin

Skill      XL: |  1  2 |
---------------+-------+-----
Transmutations | 3 4 |  4.3
Fighting       | |  1.1
Dodging        | |  2.6
Unarmed Combat | |  3.2
Spellcasting   | |  2.0

Action                   || total
-------------------------++-------
Melee: Unarmed           ||    76
       Headbutt          ||     5
       Tailslap          ||     3
       Punch             ||     1
 Cast: Beastly Appendage ||    13
  Use: Potion            ||     1
  Eat: Meat ration       ||     1
Armor: Robe              ||    11
Dodge: Dodged            ||    57
